cohdb
Replays
Latest Replays
All Replays
Popular Replays
Top Player Replays
Match Explorer
How It Works
Community
CoH3 Stats
Reddit
Sign in to upload your games and track your stats! →
Sign in with Steam
Match 38096177
Unlisted
Match 38096177
Overview
Messages
Build Orders
End
Panzergrenadier Squad
Panzerpioneer Squad
250 Light Carrier
Construct Light Support Kompanie
Panzerjäger Squad
Fire Support Elements
le.IG 18 Support Gun Team
Assault Mechanized Group
Selects Battlefield Espionage Battlegroup
Selects 250/3 Funkpanzerwagen
Selects Intel Disruption Beacon
Flakvierling Half-track
2.5-tonne Medical Truck
Vehicle Survival Package
MG34 Team
Pak 38 Anti-tank Gun Team
Pak 38 Anti-tank Gun Team
250/3 Funkpanzerwagen
Construct Panzerarmee Kommand
Selects Anti-Tank Incendiary Munitions
Walking Stuka Rocket Launcher
Flak 36 Anti-tank Gun Team
Assault Mechanized Group
Uberlicious
Thrusher
Mrpriest
『👑MayMaya23💕』
Dickson
WarmHeadGaming.Job
0
0
Comments
sign in to comment!
No comments posted yet!